Map: Blueshift LE

Players

Vitross

  • Race: Zerg Zerg
  • League: Master
  • Spawn Location: 7:00

A.I. 2 (Very Easy) - Winner!

  • Race: Terran Terran
  • Spawn Location: 1:00

VOD

Have the link to the VOD?

Description

Time

  • Played on: Nov. 2, 2018, 10:40 p.m.
  • Length: 4:33
Show
View Real Time Build Order
Export as new Build Order

Vitross Zerg 

Build Orders: Hatch First 

Get SALT Encoding   

  12  0:01  Drone  
  13  0:13  Overlord  
  13  0:17  Drone  
  14  0:32  Drone x2  
  16  0:48  Hatchery  
  15  0:51  Drone  
  15  0:55  Drone  
  17  0:58  Drone  
  18  1:09  Extractor  
  17  1:13  Spawning Pool  
  17  1:17  Drone  
  17  1:20  Drone  
  18  1:28  Drone  
  19  1:39  Overlord  
  19  1:49  Drone  
  20  2:00  Queen x2  
  24  2:02  Drone x2  
  26  2:11  Drone  
  26  2:12  Drone  
  28  2:25  Hatchery  
  27  2:30  Drone  
  27  2:31  Drone  
  27  2:33  Drone  
  27  2:35  Drone  
  31  2:43  Overlord  
  31  2:45  Drone  
  31  2:47  Metabolic Boost  
  32  2:54  Drone  
  32  2:55  Drone  
  34  3:04  Drone  
  35  3:06  Drone  
  35  3:07  Drone  
  35  3:10  Drone  
  35  3:11  Drone x4  
  42  3:16  Overlord  
  42  3:18  Overlord  
  42  3:24  Queen  
  44  3:27  Extractor x2  
  44  3:33  Drone x2  
  44  3:38  Drone x2  
  46  3:43  Drone  
  46  3:44  Drone x5  
  46  3:48  Overlord  
  52  3:54  Drone  
  52  3:55  Drone  
  54  3:59  Drone  
  55  4:05  Overlord  
  55  4:06  Drone  
  57  4:10  Drone  
  57  4:12  Drone  
  57  4:15  Drone x5  
  63  4:17  Drone  
  63  4:19  Drone  
  63  4:21  Drone  
Show
View Real Time Build Order
Export as new Build Order

A.I. 2 (Very Easy) Terran - Winner!

Build Orders:  

Get SALT Encoding   

  12  0:00  SCV  
  13  0:13  SCV  
  14  0:18  Supply Depot  
  14  0:41  Barracks  
  14  1:02  Command Center  
  14  1:29  Orbital Command, Supply Depot  
  14  1:31  Marine  
  15  1:36  Refinery  
  15  1:46  Refinery  
  15  1:55  SCV  
  16  2:07  SCV  
  17  2:14  Reaper  
  18  2:19  SCV  
  18  2:20  SCV  
  20  2:31  SCV  
  20  2:35  SCV  
  22  2:43  SCV  
  23  2:49  SCV  
  24  2:56  SCV  
  25  2:59  Marine  
  25  3:03  SCV  
  27  3:10  SCV  
  27  3:11  Refinery  
  28  3:18  SCV, Factory  
  29  3:41  Refinery  
  29  3:43  SCV  
  29  3:44  Barracks Tech Lab  
  30  3:50  SCV  
  30  3:55  Supply Depot  
  31  3:57  SCV  
  31  4:02  Marine  
  32  4:04  SCV  
  32  4:05  Starport  
  34  4:12  SCV  
  35  4:19  SCV  
  36  4:30  Supply Depot  
Tags
 
League
Master
Matchup
TvZ
Spawn Locations
Cross Positions
Add a new tag
Caveats
  • Supply blocks, unpowered buildings, or Contaminate may cause inaccurate times.
  • Supply counts are checked every 10 seconds.